 Dungeon Crawl Stone Soup version 0.29.1-15-g9cfb28693d (webtiles) character file.

Game seed: 371676604177209038

31760 Peloso the Fencer (level 13, -10/119 HPs)
             Began as a Minotaur Fighter on Feb 22, 2023.
             Was a High Priest of Okawaru.
             Killed from afar by a war gargoyle (38 damage)
             ... with a spray of metal splinters
             ... on level 1 of the Lair of Beasts.
             The game lasted 00:26:23 (18431 turns).

Peloso the Fencer (Minotaur Fighter)               Turns: 18431, Time: 00:26:23

Health: -10/119    AC: 20    Str: 23    XL:     13   Next: 27%
Magic:  13/13      EV: 10    Int:  5    God:    Okawaru [*****.]
Gold:   822        SH: 12    Dex: 13    Spells: 12/12 levels left

rFire   + . .      SeeInvis .   a - +5 scimitar (flame)
rCold   + . .      Faith    .   d - +0 kite shield
rNeg    . . .      Spirit   .   l - +3 chain mail
rPois   +          Reflect  .   o - +0 hat
rElec   +          Harm     .   u - +0 cloak
rCorr   +          Rampage  .   z - +0 pair of gloves
Will    .....                   c - +0 pair of boots
Stlth   ..........              (no amulet)
HPRegen 0.29/turn               D - +4 ring of slaying
MPRegen 0.13/turn               (no ring)

@: brilliant, resistant
A: horns 2, retaliatory headbutt
a: Renounce Religion, Heroism, Finesse, Duel


You were on level 1 of the Lair of Beasts.
You worshipped Okawaru.
Okawaru was extremely pleased with you.
You visited 3 branches of the dungeon, and saw 15 of its levels.

You collected 822 gold pieces.

Inventory:

Hand Weapons
 a - a +5 scimitar of flaming (weapon)
 b - a +3 demon blade of pain
Missiles
 v - 3 throwing nets (quivered)
Armour
 c - a +0 pair of boots (worn)
 d - a +0 kite shield (worn)
 l - a +3 chain mail (worn)
 o - a +0 hat (worn)
 u - a +0 cloak (worn)
 z - a +0 pair of gloves (worn)
Jewellery
 h - an amulet of magic regeneration
 D - a +4 ring of slaying (left hand)
Wands
 w - a wand of charming (19)
 x - a wand of light (8)
 y - a wand of mindburst (9)
 A - a wand of flame (4)
 B - a wand of roots (19)
Scrolls
 e - a scroll of silence
 j - 2 scrolls of enchant armour
 p - 2 scrolls of butterflies
 r - a scroll of amnesia
 s - 3 scrolls of teleportation
 t - 4 scrolls of immolation
 I - 2 scrolls of magic mapping {unknown}
 J - a scroll of poison
 K - a scroll of blinking {unknown}
Potions
 f - 2 potions of haste
 g - 4 potions of curing
 i - 2 potions of cancellation
 k - 5 potions of might
 m - 2 potions of magic
 n - a potion of brilliance
 q - a potion of mutation
 C - 2 potions of resistance
 E - a potion of attraction {unknown}
 F - a potion of berserk rage {unknown}
 G - a potion of lignification {unknown}
 H - a potion of flight {unknown}


   Skills:
 + Level 12.3 Fighting
 + Level 15.4 Long Blades
 + Level 13.7 Armour
 + Level 6.2 Dodging
 + Level 2.3 Stealth
 + Level 12.0 Shields
 + Level 2.3 Invocations
 + Level 0.1 Evocations


You had 12 spell levels left.
You didn't know any spells.
Your spell library contained the following spells:

 Spells                   Type           Power      Damage    Failure   Level
 Foxfire                  Conj/Fire      0%         2x1d4     99%         1
 Ensorcelled Hibernation  Hex/Ice        0%         N/A       100%        2
 Searing Ray              Conj           0%         2d4       100%        2
 Conjure Flame            Conj/Fire      0%         6-21      100%        3
 Ignite Poison            Fire/Tmut/Pois 0%         N/A       100%        3
 Inner Flame              Hex/Fire       0%         N/A       100%        3
 Mephitic Cloud           Conj/Pois/Air  0%         N/A       100%        3
 Spider Form              Tmut/Pois      0%         N/A       100%        3
 Anguish                  Hex/Necr       0%         N/A       100%        4
 Flame Wave               Conj/Fire      0%         2d4       100%        4
 Fulminant Prism          Conj/Hex       0%         3d6       100%        4
 Iskenderun's Mystic Bla  Conj/Tloc      0%         2d3       100%        4
 Blade Hands              Tmut           0%         N/A       100%        5
 Freezing Cloud           Conj/Ice/Air   0%         6-21      100%        5
 Lee's Rapid Deconstruct  Erth           0%         3d5*      100%        5
 Lightning Bolt           Conj/Air       0%         1d11      100%        5
 Iron Shot                Conj/Erth      0%         9d1       100%        6
 Orb of Destruction       Conj           0%         9d5       100%        7
 Lehudib's Crystal Spear  Conj/Erth      0%         10d2      100%        8
 Polar Vortex             Ice            0%         N/A       100%        9
 Summon Guardian Golem    Hex/Summ       Unusable   N/A       N/A         3
 Animate Armour           Summ/Erth      Unusable   N/A       N/A         4
 Simulacrum               Ice/Necr       Unusable   N/A       N/A         6
 Spellforged Servitor     Conj/Summ      Unusable   N/A       N/A         7

Dungeon Overview and Level Annotations

Branches:
Dungeon (10/15)            Temple (1/1) D:7            Lair (4/5) D:10
  Swamp (0/4) Lair:2        Snake (0/4) Lair:2        Slime (0/5) Lair:4
    Orc: D:9-12

Altars:
Ashenzari
Cheibriados
Dithmenos
Fedhas
Hepliaklqana
Kikubaaqudgha
Makhleb
Nemelex Xobeh
Okawaru
Qazlal
Ru
Sif Muna
Vehumet
Wu Jian
Xom
Yredelemnul
Zin
The Shining One

Shops:
D:1 ?

Annotations:
D:3 1 runed translucent door, Peloso's ghost, weakling MiFi
D:8 2 transporters
D:10 Harold
Lair:2 2 transporters, Peloso's ghost, journeyman MiFi
Lair:4 1 runed translucent door


Innate Abilities, Weirdness & Mutations

You have a pair of horns on your head.
You reflexively headbutt those who attack you in melee.


Message History

You barely miss the killer bee. You headbutt the killer bee.
The killer bee is almost dead.
The killer bee misses you. You furiously retaliate!
You headbutt the killer bee.
You kill the killer bee!
Okawaru accepts your kill. You block the war gargoyle's attack.
You hit the war gargoyle but do no damage.
You headbutt the war gargoyle, but do no damage.
The war gargoyle hits you with a +3 great mace of protection!
You hit the war gargoyle. You headbutt the war gargoyle!
The war gargoyle is moderately damaged.
The war gargoyle launches metal splinters at you.
The spray of metal splinters hits you!!
* * * LOW HITPOINT WARNING * * *
You hit the war gargoyle but do no damage.
You headbutt the war gargoyle, but do no damage.
The war gargoyle is lightly damaged.
You block the war gargoyle's attack.
It was a potion of resistance.
You feel protected. You block the war gargoyle's attack.
The war gargoyle hits you with a +3 great mace of protection.
* * * LOW HITPOINT WARNING * * *
It was a potion of brilliance.
You feel clever all of a sudden. You block the war gargoyle's attack.
You barely miss the war gargoyle.
You headbutt the war gargoyle, but do no damage.
The war gargoyle is lightly damaged.
The war gargoyle launches metal splinters at you.
The spray of metal splinters hits you but does no damage.
You hit the war gargoyle.
The war gargoyle is lightly damaged.
You block the war gargoyle's attack.
You hit the war gargoyle.
The war gargoyle is moderately damaged.
The war gargoyle launches metal splinters at you.
The spray of metal splinters hits you!!!
You die...

#..## ##...# ##..# #..# #..##
#...## #..# #..# #P...# #..# #..#
#...## #..# #..# #...# #..# #..#
##..# ##..# #..# #..## #P..##
##.9# #.[.# # ##.>.# #..@# ##..##
# #..## ##)†# #...# # ##..# #...#
##..# #...# #...## #..# ##..#
##...# ##?.# # #..# ##..## #...#
# #..##### ###P..P# ##..# #
###..P##.###.##..P######...# ###
.##........................####.#


You could see a war gargoyle (catching breath).

Vanquished Creatures
  2 catoblepae
  7 hydras
  Erica (D:8)
  A boulder beetle (Lair:3)
  4 two-headed ogres
  3 bog bodies (Lair:2)
  2 ugly things (D:9)
  8 elephants
  2 black mambas (Lair:3)
  A torpor snail (Lair:3)
  3 rime drakes
  2 cane toads
  Psyche (D:8)
  9 komodo dragons
  2 polar bears
  A troll (Lair:1)
  12 blink frogs (Lair:3)
  A wyvern (D:9)
  Eustachio (D:4)
  Grum (D:9)
  15 yaks
  5 basilisks
  2 swamp worms (Lair:2)
  11 water moccasins
  An acid dragon (D:9)
  An ice beast (D:6)
  A sky beast (D:6)
  2 ogres
  19 wolves
  8 centaurs
  A phantom (D:7)
  13 bullfrogs
  2 necrophages
  2 gnoll sergeants
  A scorpion (D:4)
  3 wights (D:9)
  10 killer bees
  6 howler monkeys
  3 electric eels
  A crimson imp (D:5)
  2 jellies
  2 orc priests
  3 gnoll boudas
  3 iguanas
  7 orc wizards
  31 gnolls
  9 adders
  A shadow imp (D:7)
  3 white imps
  2 ufetubi
  A worm (D:2)
  A dart slug (D:4)
  17 orcs
  6 ball pythons
  8 endoplasms
  2 giant cockroaches (D:1)
  4 goblins
  8 hobgoblins
  2 jackals (D:4)
  7 kobolds
  6 quokkas
  4 bats
  2 frilled lizards
  2 rats
304 creatures vanquished.

Vanquished Creatures (others)
  2 gnolls (D:8)
  10 fungi (Lair:3)
  27 plants
39 creatures vanquished.

Grand Total: 343 creatures vanquished

Notes
Turn   | Place    | Note
-------+----------+-------------------------------------------
     0 | D:1      | Peloso the Minotaur Fighter began the quest for the Orb.
     0 | D:1      | Reached XP level 1. HP: 19/19 MP: 0/0
    85 | D:1      | Reached XP level 2. HP: 23/27 MP: 1/1
   572 | D:1      | Found Unotedug's Magic Scroll Shoppe.
   582 | D:1      | Reached XP level 3. HP: 33/33 MP: 2/2
   706 | D:2      | Reached skill level 3 in Long Blades
   828 | D:2      | Reached XP level 4. HP: 33/40 MP: 3/3
  1028 | D:2      | Found a faded altar of an unknown god.
  1599 | D:3      | Found a basalt altar of Yredelemnul.
  1622 | D:3      | Found a runed translucent door.
  1623 | D:3      | Noticed Peloso's ghost (weakling MiFi)
  1667 | D:3      | Noticed an air elemental
  1669 | D:3      | Found a stormy altar of Qazlal.
  1671 | D:3      | Noticed a water elemental
  1671 | D:3      | Noticed an earth elemental
  1671 | D:3      | Noticed a fire elemental
  1843 | D:3      | Reached skill level 4 in Long Blades
  1862 | D:3      | Reached XP level 5. HP: 9/47 MP: 4/4
  2222 | D:3      | Reached skill level 1 in Dodging
  2396 | D:3      | Found a blossoming altar of Fedhas.
  3015 | D:4      | Noticed Eustachio
  3036 | D:4      | Killed Eustachio
  3037 | D:4      | Reached skill level 5 in Long Blades
  3037 | D:4      | Reached skill level 5 in Armour
  3037 | D:4      | Reached XP level 6. HP: 30/53 MP: 5/5
  3318 | D:5      | Entered Level 5 of the Dungeon
  3364 | D:4      | Reached skill level 6 in Long Blades
  3514 | D:4      | Reached XP level 7. HP: 40/60 MP: 6/6
  3625 | D:5      | Reached skill level 5 in Shields
  4052 | D:5      | Identified the +3 dagger "Maxtet" {spect, *Noise rN+ Dex+3}
  4093 | D:5      | Reached skill level 7 in Long Blades
  4131 | D:5      | Reached skill level 5 in Fighting
  4161 | D:5      | Found a shimmering altar of Xom.
  4250 | D:5      | Found an ornate altar of the Wu Jian Council.
  4250 | D:5      | Found a broken altar of Ashenzari.
  4250 | D:5      | Found a glowing silver altar of Zin.
  4838 | D:6      | Found a burning altar of Makhleb.
  4895 | D:6      | Found a sparkling altar of Nemelex Xobeh.
  5167 | D:6      | Found a snail-covered altar of Cheibriados.
  5188 | D:6      | Reached XP level 8. HP: 68/68 MP: 7/7
  5226 | D:6      | Reached skill level 8 in Long Blades
  5467 | D:6      | Found a shimmering blue altar of Sif Muna.
  6100 | D:7      | Found a shadowy altar of Dithmenos.
  6371 | D:7      | Reached skill level 1 in Stealth
  6472 | D:7      | Reached skill level 9 in Long Blades
  6995 | D:7      | Found a staircase to the Ecumenical Temple.
  7001 | Temple   | Entered the Ecumenical Temple
  7035 | Temple   | Became a worshipper of Warmaster Okawaru
  7140 | D:8      | Noticed Erica
  7156 | D:8      | Killed Erica
  7156 | D:8      | Reached * piety under Okawaru
  7157 | D:8      | Reached skill level 10 in Long Blades
  7157 | D:8      | Reached XP level 9. HP: 29/78 MP: 8/8
  7388 | D:8      | Noticed a brown ugly thing
  7388 | D:8      | Noticed a deep elf pyromancer
  7389 | D:8      | Noticed a troll
  7389 | D:8      | Noticed a wizard
  7390 | D:8      | Found a transporter.
  7390 | D:8      | Noticed a tengu conjurer
  7390 | D:8      | Noticed a cyclops
  7411 | D:8      | Found a transporter.
  7419 | D:8      | Noticed Psyche
  7765 | D:8      | Killed Psyche
  8246 | D:8      | Reached ** piety under Okawaru
  8408 | D:9      | Reached skill level 11 in Long Blades
  8972 | D:9      | Found an ancient bone altar of Kikubaaqudgha.
  8984 | D:9      | Reached XP level 10. HP: 78/84 MP: 9/9
  9339 | D:9      | Found a sacrificial altar of Ru.
  9376 | D:9      | Noticed a two-headed ogre
  9376 | D:9      | Noticed an eight-headed hydra
  9376 | D:9      | Noticed a purple ugly thing
  9382 | D:9      | Noticed Grum
  9386 | D:9      | Noticed a purple ugly thing
  9409 | D:9      | Killed a purple ugly thing
  9410 | D:9      | Reached *** piety under Okawaru
  9542 | D:9      | Reached skill level 10 in Armour
  9598 | D:9      | Killed Grum
  9744 | D:9      | Killed a four-headed hydra
  9745 | D:9      | Reached skill level 12 in Long Blades
  9811 | D:9      | Killed a purple ugly thing
  9811 | D:9      | Reached **** piety under Okawaru
  9821 | D:9      | Killed a two-headed ogre
  9822 | D:9      | Reached skill level 1 in Invocations
 10140 | D:9      | Got the Compendium of the Grue
 10291 | D:10     | Entered Level 10 of the Dungeon
 10345 | D:10     | Found a staircase to the Lair.
 10373 | D:10     | Noticed a two-headed ogre
 10373 | D:10     | Noticed a two-headed ogre
 10374 | D:10     | Noticed a war gargoyle
 10375 | D:10     | Noticed a two-headed ogre
 10378 | Lair:1   | Entered Level 1 of the Lair of Beasts
 10962 | Lair:1   | Reached XP level 11. HP: 44/95 MP: 10/10
 11233 | Lair:1   | Identified the +4 dagger of Bread {flame, rPois rF+ Int+2}
 12196 | Lair:2   | Found a staircase to the Snake Pit.
 12196 | Lair:2   | Noticed a five-headed hydra
 12217 | Lair:2   | Killed a one-headed hydra
 12218 | Lair:2   | Reached skill level 13 in Long Blades
 12230 | Lair:2   | Reached ***** piety under Okawaru
 12323 | Lair:2   | Noticed Peloso's ghost (journeyman MiFi)
 12329 | Lair:2   | Noticed a catoblepas
 12345 | Lair:2   | Found a transporter.
 12395 | Lair:2   | Identified the +6 arbalest "Cyd Cemp" {flame, Contam rElec
                  | Dex+2}
 12411 | Lair:2   | Noticed a bog body
 12422 | Lair:2   | Killed a bog body
 12586 | Lair:2   | Noticed a five-headed hydra
 12592 | Lair:2   | Killed a two-headed hydra
 12592 | Lair:2   | Identified the +0 robe of the Game Afoot {Rampage Drain
                  | Str+3 Slay+2} (Okawaru gifted it to you on level 2 of the
                  | Lair of Beasts)
 12592 | Lair:2   | Received a gift from Okawaru
 12690 | Lair:2   | Noticed a bog body
 12701 | Lair:2   | Killed a bog body
 13172 | Lair:2   | Noticed a catoblepas
 13180 | Lair:2   | Killed a catoblepas
 13181 | Lair:2   | Reached skill level 14 in Long Blades
 13235 | Lair:2   | Found a transporter.
 13530 | Lair:2   | Found a staircase to the Swamp.
 13532 | Lair:2   | Noticed a bog body
 13853 | Lair:2   | Killed a bog body
 14712 | Lair:2   | Reached skill level 10 in Fighting
 14830 | Lair:3   | Reached XP level 12. HP: 75/106 MP: 12/12
 14835 | Lair:3   | Noticed a five-headed hydra
 14842 | Lair:3   | Killed a one-headed hydra
 15083 | Lair:3   | Noticed a four-headed hydra
 15091 | Lair:3   | Killed a one-headed hydra
 15092 | Lair:3   | Reached skill level 5 in Dodging
 15092 | Lair:3   | Reached skill level 10 in Shields
 15496 | Lair:3   | Identified the +5 ring mail of Wrong Decisions {Int+2}
                  | (Okawaru gifted it to you on level 3 of the Lair of Beasts)
 15496 | Lair:3   | Received a gift from Okawaru
 15754 | Lair:3   | Noticed a boulder beetle
 15843 | Lair:3   | Noticed a catoblepas
 15868 | Lair:3   | Killed a catoblepas
 16200 | Lair:3   | Reached skill level 15 in Long Blades
 16553 | Lair:3   | Killed a boulder beetle
 17244 | Lair:4   | Noticed a seven-headed hydra
 17251 | Lair:4   | Killed a three-headed hydra
 17252 | Lair:4   | Reached XP level 13. HP: 100/117 MP: 13/13
 17660 | Lair:4   | Received a gift from Okawaru
 18008 | Lair:4   | Found a runed translucent door.
 18011 | Lair:4   | Found a staircase to the Slime Pits.
 18065 | Lair:4   | Identified the +10 trident of Wisdom {drain, rN+++ rCorr
                  | MP-9 SInv}
 18219 | D:10     | Noticed Harold
 18431 | Lair:1   | Killed from afar by a war gargoyle

Illustrated notes

Levels and vault maps discovered:
D:1:      nagdon_arrival_zigzag_paths, layout_basic, serial_shops,
          nicolae_shop_crystal
D:2:      layout_basic, shapermc_ecumenical_altar_pompeii
D:3:      layout_loops_ring, mainiacjoe_overflow_24_doors,
          mainiacjoe_overflow_concentric_impassable,
          nicolae_qazlal_style_of_elements, gammafunk_ghost_grave
D:4:      layout_rooms, uniq_eustachio
D:5:      layout_basic, overflow_temple_1_default,
          chequers_temple_overflow_statue_of_worship, minmay_fire_ice_demons
D:6:      layout_gridville, general_overflow_altar, marbit_many_paths,
          cheibriados_altar_1, mainiacjoe_overflow_paths
D:7:      hellmonk_ruined_rings, layout_cave_pods,
          nicolae_dithmenos_shadow_blocks, temple_statues
D:8:      gammafunk_sealed_arena, layout_loops_corners, uniq_erica, uniq_psyche
D:9:      layout_roguey, mainiacjoe_overflow_six_doors_small,
          mainiacjoe_overflow_brackets, minmay_mirror_moons_of_madness,
          uniq_grum
D:10:     minmay_roctagon, layout_layer_cave, lair_entry_dummy, serial_shops,
          shop, serial_glass, glass_columns_a, glass_columns_a, glass_columns_a,
          glass_columns_a, glass_columns_b, glass_columns_c, glass_columns_c,
          glass_columns_b, glass_columns_a, glass_columns_c, uniq_harold
Temple:   hellmonk_temple_forest_ring
Lair:1:   layout_long_grid, grunt_megastairs_1
Lair:2:   layout_gridlike, nicolae_swamp_entry_splash_gauntlet,
          dummy_snake_entry, nzn_ghost_randoct, minivault_26, st_stairs_9
Lair:3:   nzn_winding_woodlands_stair_cross
          [nzn_winding_woodlands_5x15_river_crossing,
          nzn_winding_woodlands_center_diamonds,
          nzn_winding_woodlands_5x15_sawtooth, nzn_winding_woodlands_hourglass,
          nzn_winding_woodlands_5x5_closed_star,
          nzn_winding_woodlands_5x15_jagged,
          nzn_winding_woodlands_center_garden,
          nzn_winding_woodlands_5x15_pathside_ponds], layout_cave_pods,
          beast_lair_carwin_6
Lair:4:   layout_cave_pods, slime_entry_2, minivault_25,
          infiniplex_staircase_pool_2

Skill      XL: |  1  2  3  4  5  6  7  8  9 10 11 12 13 |
---------------+----------------------------------------+-----
Shields        | 4 5 6 8 9 11 12 | 12.0
Armour         | 4 5 6 8 9 10 12 13 | 13.7
Fighting       | 4 5 6 7 8 10 11 12 | 12.3
Long Blades    | 3 4 5 6 7 10 11 12 14 15 | 15.4
Dodging        | 2 3 4 6 |  6.2
Stealth        | 1 2 |  2.3
Invocations    | 1 2 |  2.3
Evocations     | |  0.1

Action                   |  1- 3 |  4- 6 |  7- 9 | 10-12 | 13-15 || total
-------------------------+-------+-------+-------+-------+-------++-------
Melee: Long sword        |    82 |   128 |   204 |       |       ||   414
       Headbutt          |    11 |    21 |    53 |    98 |    21 ||   204
       Scimitar          |       |       |    95 |   419 |    66 ||   580
Invok: Heroism           |       |       |     1 |    13 |     3 ||    17
Evoke: Wand              |       |       |       |     2 |       ||     2
  Use: Scroll            |     4 |     5 |     5 |     7 |       ||    21
       Potion            |     1 |     1 |     5 |     2 |     2 ||    11
 Stab: Petrifying        |       |       |       |     1 |       ||     1
Armor: Scale mail        |    36 |    22 |       |       |       ||    58
       Chain mail        |       |    35 |   158 |   213 |    34 ||   440
Dodge: Dodged            |    33 |    48 |   122 |   144 |    33 ||   380
Block: Buckler           |    25 |    32 |    85 |     7 |       ||   149
       Kite shield       |       |       |       |   258 |    54 ||   312
